 Dungeon Crawl Stone Soup version 0.29.1-12-g30fa7ad0bf (webtiles) character file.

Game seed: 6545023054677877491

199233 croobank the Peltast (level 17, 0/165 HPs)
             Began as a Minotaur Fighter on Dec 24, 2022.
             Was the Champion of Qazlal.
             Slain by a merfolk impaler
             ... wielding a +0 demon trident of pain
              (5 damage)
             ... on level 4 of the Shoals.
             The game lasted 01:43:26 (28511 turns).

croobank the Peltast (Minotaur Fighter)            Turns: 28511, Time: 01:43:26

Health: 0/165      AC: 24    Str: 30    XL:     17   Next: 84%
Magic:  19/23      EV:  9    Int:  4    God:    Qazlal [******]
Gold:   2990       SH: 30    Dex: 14    Spells: 16/16 levels left

rFire   + . .      SeeInvis +   a - +8 mithril axe "Arga" {speed, Will+}
rCold   + . .      Faith    .   s - +2 tower shield {rC+}
rNeg    . . .      Spirit   .   A - +2 swamp dragon scales
rPois   +          Reflect  .   Q - +1 hat {SInv}
rElec   +          Harm     .   Y - +1 cloak
rCorr   .          Rampage  .   i - +1 pair of gloves
Will    ++...                   (no boots)
Stlth   +.........              r - amulet of regeneration
HPRegen 1.17/turn               H - ring of see invisible
MPRegen 0.18/turn               F - ring "Marasching" {rElec rF+ Str+2 Slay+4 Stlth+}

@: protected from physical damage, mesmerised, repel missiles, very slow
A: horns 2, retaliatory headbutt, agile 1, low MP 1
}: 1/15 runes: serpentine
a: Renounce Religion, Upheaval, Elemental Force, Disaster Area


You were on level 4 of the Shoals.
You worshipped Qazlal.
Qazlal was exalted by your worship.
You visited 7 branches of the dungeon, and saw 32 of its levels.
You also visited: Ossuary.

You collected 4364 gold pieces.
You spent 1374 gold pieces at shops.

Inventory:

Hand Weapons
 a - the +8 mithril axe "Arga" (weapon) {speed, Will+}
   (You acquired it on level 2 of the Shoals)

   Attacks with this weapon are significantly faster.
   Will:      It increases your willpower.
 x - a +1 broad axe of flaming
 C - a +2 scimitar of flaming
 L - a +0 triple crossbow of venom
Missiles
 D - 3 curare-tipped darts (quivered)
 G - a throwing net
 P - 14 javelins
Armour
 d - +3 shadow dragon scales
 i - a +1 pair of gloves (worn)
 s - a +2 tower shield of cold resistance (worn)
 v - +0 acid dragon scales
 A - +2 swamp dragon scales (worn)
 J - the +5 scale mail of Green Salvation {rF+ Str+4}
   (You acquired it on level 11 of the Dungeon)

   Str:       It affects your strength (+4).
   rF:        It protects you from fire.
 Q - a +1 hat of see invisible (worn)
 Y - a +1 cloak (worn)
Jewellery
 r - an amulet of regeneration (around neck)
 t - a +6 ring of strength
 w - a ring of flight
 E - a ring of willpower
 F - the ring "Marasching" (right hand) {rElec rF+ Str+2 Slay+4 Stlth+}
   (You found it on level 10 of the Dungeon)

   [ring of slaying]

   Str:       It affects your strength (+2).
   Slay:      It affects your accuracy & damage with ranged weapons and melee
   (+4).
   rF:        It protects you from fire.
   rElec:     It insulates you from electricity.
   Stlth:     It makes you more stealthy.
 H - a ring of see invisible (left hand)
 K - a ring of fire
 T - a ring of fire
 W - a ring of protection from cold
Wands
 n - a wand of polymorph (18)
 y - a wand of digging (20)
 B - a wand of flame (10)
 I - a wand of paralysis (11)
 R - a wand of roots (17)
 S - a wand of mindburst (22)
 Z - a wand of light (21)
Scrolls
 c - 9 scrolls of identify
 e - 16 scrolls of teleportation
 l - 4 scrolls of vulnerability
 m - 6 scrolls of fear
 q - 5 scrolls of blinking
 N - 4 scrolls of fog
 X - a scroll of summoning
Potions
 b - a potion of resistance
 f - 6 potions of haste
 g - 5 potions of lignification
 h - 17 potions of curing
 j - 7 potions of mutation
 k - 4 potions of attraction
 o - 2 potions of heal wounds
 p - 4 potions of brilliance
 z - a potion of invisibility
 O - 2 potions of berserk rage
 U - 4 potions of flight
 V - 2 potions of cancellation
Miscellaneous
 u - a box of beasts


   Skills:
 + Level 18.2 Fighting
 - Level 18.0 Axes
 + Level 18.3 Armour
 + Level 18.3 Shields
 + Level 14.1 Invocations


You had 16 spell levels left.
You didn't know any spells.
Your spell library contained the following spells:

 Spells                   Type           Power      Damage    Failure   Level
 Foxfire                  Conj/Fire      0%         2x1d4     88%         1
 Freeze                   Ice            0%         1d3       88%         1
 Sandblast                Erth           0%         2d4       88%         1
 Ensorcelled Hibernation  Hex/Ice        0%         N/A       95%         2
 Passwall                 Tmut/Erth      0%         N/A       95%         2
 Static Discharge         Conj/Air       0%         3-3/arc   95%         2
 Sublimation of Blood     Necr           0%         N/A       95%         2
 Wereblood                Tmut           0%         N/A       95%         2
 Confusing Touch          Hex            0%         N/A       99%         3
 Stone Arrow              Conj/Erth      0%         3d7       99%         3
 Swiftness                Air            0%         N/A       99%         3
 Animate Armour           Summ/Erth      0%         N/A       100%        4
 Dispel Undead            Necr           0%         3d6       100%        4
 Flame Wave               Conj/Fire      0%         2d4       100%        4
 Passage of Golubria      Tloc           0%         N/A       100%        4
 Sticky Flame             Conj/Fire      0%         2d3       100%        4
 Blade Hands              Tmut           0%         N/A       100%        5
 Fireball                 Conj/Fire      0%         3d3       100%        5
 Irradiate                Conj/Tmut      0%         3d11      100%        5
 Iskenderun's Battlesphe  Conj           0%         2d6       100%        5
 Lightning Bolt           Conj/Air       0%         1d11      100%        5
 Silence                  Hex/Air        0%         N/A       100%        5
 Yara's Violent Unravell  Hex/Tmut       0%         3d3       100%        5
 Conjure Ball Lightning   Conj/Air       0%         3x3d6     100%        6
 Iron Shot                Conj/Erth      0%         9d1       100%        6
 Simulacrum               Ice/Necr       0%         N/A       100%        6
 Dragon Form              Tmut           0%         N/A       100%        7
 Enfeeble                 Hex            0%         N/A       100%        7
 Spellforged Servitor     Conj/Summ      0%         N/A       100%        7
 Summon Hydra             Summ           0%         N/A       100%        7
 Discord                  Hex            0%         N/A       100%        8
 Disjunction              Tloc           0%         N/A       100%        8
 Lehudib's Crystal Spear  Conj/Erth      0%         10d2      100%        8
 Maxwell's Capacitive Co  Air            0%         ∞         100%        8
 Chain Lightning          Conj/Air       0%         N/A       100%        9
 Polar Vortex             Ice            0%         N/A       100%        9


Dungeon Overview and Level Annotations

Branches:
Dungeon (15/15)            Temple (1/1) D:6            Lair (5/5) D:11
 Shoals (4/4) Lair:2        Snake (4/4) Lair:3        Slime (1/5) Lair:5
    Orc (2/2) D:11            Elf (0/3) Orc:2        Vaults (0/5) D:14
 Depths (0/4) D:15        Ossuary (visited)

Altars:
Dithmenos
Elyvilon
Fedhas
Gozag
Hepliaklqana
Kikubaaqudgha
Makhleb
Nemelex Xobeh
Okawaru
Qazlal
Ru
Sif Muna
Trog
Uskayaw
Vehumet
Wu Jian
Xom
Yredelemnul
Zin
The Shining One
Jiyva

Shops:
D:4 ?*   D:12 :   Orc:2 [((?   Shoals:2 ::[*

Annotations:
D:11 2 runed translucent doors, exclusion: orange crystal statue
Temple 2 transporters
Lair:4 2 transporters, Zaegoraum's ghost, journeyman DsAK
Shoals:4 Ilsuiw
Snake:3 2 transporters, exclusion: obsidian statue


Innate Abilities, Weirdness & Mutations

You have a pair of horns on your head.
You reflexively headbutt those who attack you in melee.
You are agile. (Dex +4, Str/Int -1)
Your magical capacity is low. (-10% MP)


Message History

* * * LOW HITPOINT WARNING * * *
Your resistance to physical damage fades away.
You feel protected from cold. The merfolk impaler freezes you.
* * * LOW HITPOINT WARNING * * *
Your water elemental barely misses the merfolk siren.
The merfolk siren chants its luring song.
The merfolk impaler barely misses you. You block the merfolk impaler's attack.
Okay, then.
You don't know any spells.
Okay, then.
Okay, then.
Okay, then.
Okay, then.
You feel much better.
Your air elemental hits the merfolk aquamancer. x2
You block the merfolk impaler's attack.
The merfolk aquamancer casts a spell at your air elemental.
The torrent of water hits your air elemental!!
Your air elemental is destroyed!
Your air elemental disappears in a puff of smoke!
The wave splashes down.
You block the merfolk's attack. Ilsuiw hits you but does no damage.
The merfolk aquamancer points at you and mumbles some strange words.
The shard of ice hits you! You partially resist.
You feel more protected from cold.
* * * LOW HITPOINT WARNING * * *
The merfolk impaler is engulfed in freezing vapours.
The merfolk impaler hits you from afar with a +3 demon trident of freezing!
* * * LOW HITPOINT WARNING * * *
You feel more protected from cold. The merfolk impaler freezes you.
* * * LOW HITPOINT WARNING * * *
The merfolk siren closely misses you.
The merfolk impaler hits you from afar with a +0 demon trident of pain!!
* * * LOW HITPOINT WARNING * * *
Your resistance to cold fades away.
You feel protected from physical attacks.
You writhe in agony.
You die...

*,~~*,,*#~≈≈~..!........,,,~~~~~~
*****,,,#.~~~...........,,,,~~~~~
,*,~,*,,,..E§E§.........,,,,~~~~~
,,~,,,**,...§.§...$.....,,,,,~~~~
,*,*,~**,**#E..mm..§.....,,,,,~~~
~,,,~,*..,*#PE§mm§§......,,,,,,~~
,*,*,**#.m##.§mmm§§m~....,,,,,,,,
,,~,,,*..mP.m§P§§≈§~~~~..,,,,,,,,
,***,,,..PP.§mmm@E§~~~~~.,,,,,,,,
*****,,.PP~P~~§§§mP~~~~~.**~****,
*,**~,,PPPPPP~mm§mm......*******,
,,,,,,~PPP~PP~§...§m.$.~#*,*~*,**
,,,,,,,PPPP~~..........~#,,,~,,,*
,,,,,,,.PP.........m....#*,*,*,,*
,,,,,,,.P..............##*~,,,~**
~,~~~~~P.............~~~#~,*,*,**
~~~~~~~~≈≈≈.....<.<.~~m.#,,,~,,,*


You could see Ilsuiw (fast, invisible), 4 merfolk impalers, a merfolk
javelineer, 3 merfolk aquamancers, 2 merfolk, a water elemental, 2 merfolk
sirens and a friendly water elemental (summoned).

Vanquished Creatures
  Vashnia (Snake:4)
  Gastronok (Lair:3)
  Polyphemus (Shoals:1)
  Kirke (Lair:3)
  Agnes (Snake:4)
  2 nagarajas
  Aizul (Shoals:2)
  An orc warlord (Orc:2)
  An ironbound preserver (D:14)
  3 dire elephants
  The ghost of Vig Uhad the Martial Artist, a journeyman OpTm of Cheibriados (Lair:5)
  A merfolk javelineer (Shoals:1)
  2 merfolk impalers
  3 hydras
  An alligator snapping turtle (Shoals:3)
  4 salamander tyrants
  9 centaur warriors
  2 merfolk avatars
  2 catoblepae
  4 boulder beetles
  8 naga warriors
  A death knight (D:13)
  9 anacondas
  A merfolk aquamancer (Shoals:4)
  5 two-headed ogres
  8 death yaks
  4 tengu warriors
  8 shock serpents
  14 naga sharpshooters
  A deep elf knight (D:12)
  12 salamander mystics
  A spectral death yak (Lair:5)
  9 sea snakes
  A spectral anaconda (Lair:5)
  A deep elf archer (D:12)
  Pikel (D:4)
  2 obsidian statues
  A wizard (D:15)
  2 orc knights (Orc:2)
  5 necromancers
  3 lindwurms
  7 mana vipers
  8 naga ritualists
  3 oklob plants (Lair:5)
  4 orc sorcerers
  A deep elf zephyrmancer (D:15)
  9 harpies
  11 salamanders
  3 fauns (Shoals:1)
  4 merfolk sirens
  A salamander (shapeshifter) (D:14)
  17 ugly things
  6 cyclopes
  5 manticores
  16 elephants
  29 black mambas
  A torpor snail (Lair:3)
  5 guardian serpents
  15 naga magi
  2 centaur skeletons (D:15)
  A gargoyle (D:11)
  A water nymph (Shoals:3)
  7 cane toads
  An unseen horror (D:13)
  Maggie (D:7)
  3 rime drakes
  11 komodo dragons
  4 freezing wraiths
  3 tengu conjurers
  3 yaktaurs (D:15)
  An efreet (D:15)
  9 merfolk
  3 wind drakes
  3 polar bears
  10 trolls
  3 meliai
  21 blink frogs
  A slime creature (D:14)
  11 dream sheep
  4 snapping turtles
  A centaur simulacrum (D:14)
  A spectral elephant (Lair:5)
  Sigmund (D:2)
  A shadow (D:11)
  5 wraiths
  56 yaks
  2 water elementals
  8 wyverns
  9 basilisks
  A vampire (D:13)
  A human (Lair:4)
  A hog (Lair:3)
  2 vampire mosquitoes (D:13)
  A steam dragon (D:8)
  2 death yak simulacra (Lair:5)
  Menkaure (D:5)
  A spectral cane toad (Lair:5)
  2 wargs
  45 nagas
  10 water moccasins
  3 acid dragons
  An elephant zombie (Lair:5)
  27 orc warriors
  A sky beast (D:7)
  2 ice beasts
  2 black bears (D:5)
  6 ogres
  30 wolves
  A lemure (D:4)
  9 centaurs
  A kobold brigand (D:8)
  2 elf zombies
  A gnoll sergeant (D:10)
  5 bullfrogs
  An elf skeleton (D:7)
  2 scorpions
  13 wights
  10 killer bees
  2 elephant simulacra (Lair:5)
  5 electric eels
  3 howler monkeys (D:9)
  5 centaur zombies
  2 jellies
  2 hounds
  3 human zombies
  25 orc priests
  4 iguanas
  Ijyb (D:3)
  26 orc wizards
  7 hell rats (Lair:3)
  A hound zombie (Ossuary)
  3 mummies (Ossuary)
  Robin (D:2)
  4 gnolls (D:10)
  10 adders
  A shadow imp (D:6)
  4 adder zombies (Ossuary)
  5 dart slugs
  96 orcs
  4 ball pythons
  9 bats
  10 endoplasms
  A giant cockroach (D:2)
  14 goblins
  12 hobgoblins
  4 jackals (D:3)
  5 quokkas
  5 frilled lizards
  2 gnoll zombies (Ossuary)
  4 goblin zombies (Ossuary)
  4 hobgoblin zombies (Ossuary)
  2 jackal zombies (Ossuary)
  9 kobolds
  5 kobold zombies (Ossuary)
  3 orc skeletons (D:7)
  An orc zombie (Ossuary)
  6 quokka zombies (Ossuary)
  5 rats
  3 rat zombies (Ossuary)
973 creatures vanquished.

Vanquished Creatures (collateral kills)
  Mlioglotl (Shoals:2)
  An anaconda (Snake:4)
  A sea snake (Shoals:2)
  A lindwurm (Snake:4)
  4 mana vipers (Snake:4)
  4 black mambas (Snake:4)
  2 naga magi (Snake:4)
  A guardian serpent (Snake:4)
15 creatures vanquished.

Vanquished Creatures (others)
  A naga mage (Snake:4)
  20 fungi
  58 plants
  27 withered plants (Lair:5)
106 creatures vanquished.

Grand Total: 1094 creatures vanquished

Notes
Turn   | Place    | Note
-------+----------+-------------------------------------------
     0 | D:1      | croobank the Minotaur Fighter began the quest for the Orb.
     0 | D:1      | Reached XP level 1. HP: 19/19 MP: 0/0
   292 | D:1      | Reached XP level 2. HP: 25/27 MP: 1/1
   601 | D:1      | You fall into a shaft and drop 1 floor!
   817 | D:1      | Reached XP level 3. HP: 33/33 MP: 2/2
  1013 | D:1      | Found a faded altar of an unknown god.
  1013 | D:1      | Noticed a ynoxinul
  1498 | D:2      | Reached XP level 4. HP: 36/40 MP: 3/3
  1612 | D:2      | Noticed Robin
  1631 | D:2      | Killed Robin
  2079 | D:2      | Noticed Sigmund
  2088 | D:2      | Killed Sigmund
  2089 | D:2      | Reached skill level 5 in Fighting
  2089 | D:2      | Reached skill level 5 in Armour
  2089 | D:2      | Reached skill level 5 in Shields
  2089 | D:2      | Reached XP level 5. HP: 33/48 MP: 4/4
  2089 | D:2      | Reached XP level 6. HP: 38/56 MP: 5/5
  2643 | D:3      | Noticed Ijyb
  2652 | D:3      | Killed Ijyb
  3341 | D:4      | Noticed Pikel
  3350 | D:4      | Killed Pikel
  3351 | D:4      | Reached skill level 5 in Axes
  3351 | D:4      | Reached XP level 7. HP: 47/63 MP: 6/6
  3437 | D:4      | Found a sparkling altar of Nemelex Xobeh.
  3456 | D:4      | Found Noamearusch's Assorted Antiques.
  3467 | D:4      | Bought a scroll of enchant weapon for 150 gold pieces
  3467 | D:4      | Bought a scroll of identify for 40 gold pieces
  3492 | D:4      | Found Haekaeph's Magic Scroll Shoppe.
  3814 | D:4      | Found a hazy altar of Hepliaklqana.
  3891 | D:4      | Found a glowing golden altar of the Shining One.
  3913 | D:5      | Entered Level 5 of the Dungeon
  3977 | D:5      | Reached XP level 8. HP: 45/71 MP: 7/7
  4199 | D:5      | Noticed Menkaure
  4202 | D:5      | Killed Menkaure
  4887 | D:6      | Reached XP level 9. HP: 81/81 MP: 8/8
  4931 | D:6      | Identified the +1 lajatang "Tormentor" {vorpal, rN+ Dex+5}
  5115 | D:6      | Found a staircase to the Ecumenical Temple.
  5133 | Temple   | Entered the Ecumenical Temple
  5133 | Temple   | Found a transporter.
  5133 | Temple   | Found a transporter.
  5135 | Temple   | Found a transporter.
  5135 | Temple   | Found a transporter.
  5148 | Temple   | Became a worshipper of Qazlal Stormbringer
  5525 | D:7      | Reached skill level 1 in Invocations
  5584 | D:7      | Found a sand-covered staircase.
  5594 | Ossuary  | Entered an ossuary
  5646 | Ossuary  | Reached * piety under Qazlal
  5889 | D:7      | Found a glowing silver altar of Zin.
  5918 | D:7      | Noticed Maggie
  5923 | D:7      | Killed Maggie
  5946 | D:7      | Reached ** piety under Qazlal
  6049 | D:7      | Found an ornate altar of the Wu Jian Council.
  6055 | D:7      | Found a hide-covered altar of Uskayaw.
  6060 | D:7      | Found a shimmering blue altar of Sif Muna.
  6426 | D:8      | Reached XP level 10. HP: 91/91 MP: 11/11
  6452 | D:8      | Noticed a two-headed ogre
  6468 | D:8      | Killed a two-headed ogre
  6698 | D:8      | Noticed a two-headed ogre
  6707 | D:8      | Killed a two-headed ogre
  6849 | D:8      | Reached skill level 10 in Fighting
  6850 | D:8      | Reached skill level 10 in Shields
  6855 | D:8      | Reached skill level 10 in Armour
  7224 | D:9      | Reached skill level 5 in Invocations
  7362 | D:9      | Reached skill level 10 in Axes
  7501 | D:9      | Reached XP level 11. HP: 101/101 MP: 13/13
  8026 | D:10     | Entered Level 10 of the Dungeon
  8047 | D:10     | Noticed an obsidian statue
  8057 | D:10     | Identified the ring "Marasching" {rElec rF+ Str+2 Slay+4
                  | Stlth+}
  8068 | D:10     | Noticed a sun demon
  8070 | D:10     | Killed an obsidian statue
  8242 | D:10     | Got the Atlas of the Chill
  8456 | D:10     | Noticed a two-headed ogre
  8461 | D:10     | Killed a two-headed ogre
  8463 | D:10     | Identified the +2 helmet of the Original Sin {SInv}
  8483 | D:10     | Noticed a two-headed ogre
  8494 | D:10     | Killed a two-headed ogre
  8661 | D:10     | Reached *** piety under Qazlal
  9070 | D:11     | Found a staircase to the Orcish Mines.
  9079 | D:11     | Identified a scroll of acquirement
  9121 | D:11     | Identified the +0 robe "Etzi Fio" {rCorr}
  9130 | D:11     | Found a runed translucent door.
  9172 | D:11     | Found a runed translucent door.
  9409 | D:11     | Found a runed translucent door.
  9420 | D:11     | Found a runed translucent door.
  9520 | D:11     | Reached XP level 12. HP: 110/110 MP: 16/16
  9527 | D:11     | Found a staircase to the Lair.
  9545 | Lair:1   | Entered Level 1 of the Lair of Beasts
  9654 | Lair:1   | Reached **** piety under Qazlal
  9751 | Lair:1   | Got the Writings on Outbursts
 10558 | Lair:2   | Found a staircase to the Shoals.
 10577 | Lair:2   | Noticed a boulder beetle
 10593 | Lair:2   | Killed a boulder beetle
 11392 | Lair:3   | Noticed Gastronok
 11409 | Lair:3   | Killed Gastronok
 11524 | Lair:3   | Reached XP level 13. HP: 97/119 MP: 18/18
 11578 | Lair:3   | Reached ***** piety under Qazlal
 12006 | Lair:3   | Found a staircase to the Snake Pit.
 12399 | Lair:4   | Noticed Kirke
 12490 | Lair:3   | Killed Kirke
 12813 | Lair:4   | Noticed Zaegoraum's ghost (journeyman DsAK)
 12815 | Lair:4   | Found a transporter.
 12834 | Lair:4   | Found a transporter.
 13308 | Lair:5   | Entered Level 5 of the Lair of Beasts
 13463 | Lair:5   | Reached ****** piety under Qazlal
 13464 | Lair:5   | Reached XP level 14. HP: 87/132 MP: 20/20
 13694 | Lair:5   | Reached skill level 10 in Invocations
 13827 | Lair:5   | Found a runed translucent door.
 13834 | Lair:5   | Noticed Vig Uhad's ghost (journeyman OpTm)
 13862 | Lair:5   | Killed Vig Uhad's ghost
 13874 | Lair:5   | Acquired the +5 scale mail of Green Salvation {rF+ Str+4}
 13875 | Lair:5   | Acquired 1240 gold pieces
 13929 | Lair:5   | Found a viscous altar of Jiyva.
 13929 | Lair:5   | Found a staircase to the Slime Pits.
 14426 | Lair:5   | Identified the +1 chain mail "Xofoffav" {rF+}
 15491 | Slime:1  | Entered Level 1 of the Pits of Slime
 15493 | Slime:1  | Gained mutation: Your magical capacity is low. (-10% MP) [a
                  | shining eye]
 15494 | Slime:1  | Gained mutation: You are agile. (Dex +4, Str/Int -1) [a
                  | shining eye]
 15727 | Orc:1    | Entered Level 1 of the Orcish Mines
 16104 | Orc:2    | Entered Level 2 of the Orcish Mines
 17046 | Orc:2    | Found Nuocis's Weapon Shoppe.
 17133 | Orc:2    | Found a staircase to the Elven Halls.
 17140 | Orc:2    | Reached skill level 15 in Shields
 17140 | Orc:2    | Noticed an orc warlord
 17148 | Orc:2    | Reached skill level 15 in Fighting
 17157 | Orc:2    | Killed an orc warlord
 17215 | Orc:2    | Found Waaxtuf's Antique Weapon Shop.
 17219 | Orc:2    | Found Teir's Antique Armour Boutique.
 17545 | Orc:2    | Found Ravepn's Magic Scroll Boutique.
 17553 | Orc:2    | Bought a scroll of blinking for 112 gold pieces
 17553 | Orc:2    | Bought a scroll of identify for 30 gold pieces
 17553 | Orc:2    | Bought a scroll of blinking for 112 gold pieces
 17553 | Orc:2    | Bought a scroll of enchant weapon for 112 gold pieces
 17553 | Orc:2    | Bought a scroll of enchant armour for 112 gold pieces
 17553 | Orc:2    | Bought a scroll of identify for 30 gold pieces
 17726 | D:12     | Reached skill level 15 in Armour
 18239 | D:12     | Found Kocliday's Book Shoppe.
 18576 | D:13     | Reached XP level 15. HP: 138/141 MP: 20/20
 18780 | D:13     | Reached skill level 15 in Axes
 19979 | D:14     | Found a gate to the Vaults.
 20175 | D:15     | Entered Level 15 of the Dungeon
 20642 | D:15     | Found a staircase to the Depths.
 21297 | Snake:1  | Entered Level 1 of the Snake Pit
 21506 | Snake:1  | You fall into a shaft and drop 1 floor!
 22170 | Snake:2  | Reached XP level 16. HP: 147/151 MP: 21/21
 24161 | Snake:3  | Found a transporter.
 24161 | Snake:3  | Found a transporter.
 24735 | Snake:4  | Entered Level 4 of the Snake Pit
 24821 | Snake:4  | Noticed Vashnia
 25068 | Snake:4  | Killed Vashnia
 25525 | Snake:4  | Reached XP level 17. HP: 46/161 MP: 1/23
 25687 | Snake:4  | Got a serpentine rune of Zot
 26176 | Snake:4  | Noticed Agnes
 26184 | Snake:4  | Killed Agnes
 26608 | Shoals:1 | Entered Level 1 of the Shoals
 27269 | Shoals:2 | Noticed Mlioglotl
 27279 | Shoals:2 | Killed Mlioglotl
 27281 | Shoals:2 | Noticed Polyphemus
 27328 | Shoals:1 | Killed Polyphemus
 27341 | Shoals:2 | Found Velluhid's Book Emporium.
 27378 | Shoals:2 | Found Osearhuc's Book Emporium.
 27396 | Shoals:2 | Noticed Aizul
 27399 | Shoals:2 | Found Effuagif's Armour Shop.
 27408 | Shoals:2 | Killed Aizul
 27577 | Shoals:2 | Found Aru Zucu's General Store.
 27601 | Shoals:2 | Bought a scroll of acquirement for 676 gold pieces
 27601 | Shoals:2 | Acquired the +8 mithril axe "Arga" {speed, Will+}
 27601 | Shoals:2 | Found the +8 mithril axe "Arga" {speed, Will+}
 28484 | Shoals:4 | Entered Level 4 of the Shoals
 28499 | Shoals:4 | Noticed Ilsuiw
 28511 | Shoals:4 | HP: 5/165 [merfolk impaler/+0 demon trident of pain (18)]
 28511 | Shoals:4 | Slain by a merfolk impaler

Illustrated notes

Levels and vault maps discovered:
D:1:      heliophobic_arrival_glass_houses, layout_loops_corners,
          dreamdust_ecumenical_altar_sealed_demon
D:2:      layout_basic, minmay_circle_x, uniq_robin, uniq_sigmund
D:3:      minmay_general_purpose_star, layout_loops_ring, uniq_ijyb
D:4:      cheibrodos_pilgrimage, layout_basic, mainiacjoe_overflow_boulevard,
          tso_oasis_becter, amcnicky_altar_gilded, serial_shops,
          nicolae_shop_trees, shop, uniq_pikel
D:5:      layout_basic, uniq_menkaure
D:6:      layout_loops_ring, temple_fountains, grunt_decor_junction,
          minmay_stone_trees_large, minmay_misc_feat_encased,
          nrook_mini_backslash, chequers_serial_rivers_large_a, minivault_4,
          chequers_jeans, minmay_misc_feat_tiny
D:7:      layout_cave_pools, nicolae_overflow_crystal_walls,
          minmay_overflow_temple_star_quad, nicolae_ossuary_entry_catacombs,
          uniq_maggie
D:8:      layout_loops_ring
D:9:      wander_river, layout_stronghold, dk_rats_in_the_wall
D:10:     layout_roguey, minivault_15, chequers_avenue
D:11:     layout_long_grid, erik_lair_dragon, orc_0_dummy,
          minmay_statue_crystal_thing
D:12:     layout_rooms, serial_shops, kennysheep_little_box,
          beargit_elvish_explorers
D:13:     layout_basic, kennysheep_cross_bottleneck, kennysheep_generic_room_9
D:14:     layout_loops_ring, skrybe_vaults_entry_preservation,
          hangedman_abyss_or_decor_lesser_grid
D:15:     grunt_enter_depths_magical_seal, layout_irregular_city, nrook_campfire
Temple:   hellmonk_temple_divided_pantheon
Lair:1:   layout_concentric_octagons, beast_lair_carwin_7
Lair:2:   layout_cave_pods, minmay_shoals_entry_lonely_mermaid
Lair:3:   layout_cave_pods, guppyfry_snake_entry_garden, uniq_gastronok
Lair:4:   layout_loops_ring, gammafunk_ghost_arena, grunt_megastairs_2,
          uniq_kirke
Lair:5:   due_jungle_book, layout_concentric_octagons,
          minmay_slime_entry_oklob_enclosed, ebering_ghost_inner_flame,
          minmay_stone_trees_medium
Shoals:1: layout_shoals
Shoals:2: layout_shoals, serial_shops, nicolae_shop_waterfront, shop_fountains,
          nicolae_shop_statue_plus, shop_statue, uniq_polyphemus,
          uniq_mlioglotl, uniq_aizul
Shoals:3: layout_shoals
Shoals:4: shoals_end_grunt_ice, layout_shoals, shoals_ilsuiw_ice, serial_shops,
          bzr_entry_customers, nicolae_shoals_mertower
Snake:1:  layout_gridlike, special_room, nicolae_snake_snake_lake
Snake:2:  layout_layer_cave, nicolae_snake_magic_snake_eye
Snake:3:  gammafunk_sealed_arena, layout_onion_interference
Snake:4:  snake_pit_salamanders_mu, layout_gridlike, nicolae_large_snake_swirl,
          serial_bayou_shore_b, uniq_agnes, uniq_vashnia
Slime:1:  layout_caves
Orc:1:    layout_diamond_mine, nicolae_orc_lava_room
Orc:2:    grunt_orc_community_town_hall, layout_diamond_mine,
          grunt_orc_community_big_house_1, grunt_orc_community_big_house_2,
          grunt_orc_community_house_2, grunt_orc_community_house_2,
          grunt_orc_community_house_3, grunt_orc_community_house_1,
          grunt_orc_community_house_2, basic_altar, mines2_david

Skill      XL: |  1  2  3  4  5  6  7  8  9 10 11 12 13 14 15 16 17 |
---------------+----------------------------------------------------+-----
Shields        | 4 5 6 7 9 10 11 12 14 15 16 17 18 | 18.3
Axes           | 3 4 5 6 7 8 10 11 12 13 14 16 17 18 | 18.0
Fighting       | 4 5 6 7 9 10 11 12 14 15 16 17 18 | 18.2
Armour         | 4 5 6 7 9 10 11 12 14 15 16 17 18 | 18.3
Invocations    | 3 5 6 8 9 11 12 13 14 | 14.1

Action                   |  1- 3 |  4- 6 |  7- 9 | 10-12 | 13-15 | 16-18 || total
-------------------------+-------+-------+-------+-------+-------+-------++-------
Melee: War axe           |    92 |    84 |   185 |   295 |   717 |   451 ||  1824
       Headbutt          |    12 |    12 |    34 |    63 |   215 |   142 ||   478
       Short sword       |       |       |       |       |    25 |       ||    25
       Broad axe         |       |       |       |       |       |    88 ||    88
Invok: Upheaval          |       |       |       |     2 |       |     2 ||     4
       Disaster Area     |       |       |       |       |     1 |     2 ||     3
       Elemental Force   |       |       |       |       |       |     3 ||     3
Evoke: Wand              |       |       |     3 |     6 |     6 |     5 ||    20
  Use: Scroll            |       |    11 |    10 |     1 |    14 |    11 ||    47
       Potion            |       |     1 |       |       |     4 |     7 ||    12
 Stab: Distracted        |       |       |     2 |     4 |    12 |    10 ||    28
       Paralysed         |       |       |       |     1 |       |       ||     1
       Invisible         |       |       |       |       |     1 |       ||     1
Armor: Scale mail        |    49 |    31 |    31 |       |       |       ||   111
       Swamp dragon scal |       |       |    12 |    81 |   129 |   128 ||   350
       Shadow dragon sca |       |       |       |       |   116 |       ||   116
Dodge: Dodged            |    49 |    36 |    32 |    62 |   123 |    95 ||   397
       Repelled          |       |       |       |     1 |     4 |    15 ||    20
Block: Buckler           |    15 |    15 |     3 |       |       |       ||    33
       Kite shield       |       |       |    47 |   190 |   634 |   110 ||   981
       Tower shield      |       |       |       |       |       |   604 ||   604
